AoeStats
← Xi Jinping

Arena

506230696Analyzed
4v4 RM · 19d ago on Sep 12, 2026· 42m 36s· 8 players
Game mode
Random Map
Map size
Large (8 player)
Population
200
Speed
Normal
Resources
Standard
Victory
Conquest
Starting age
Dark Age
Ending age
Imperial Age
RankedLock teamsTeams togetherTeam positionsShared explorationLock speedFull tech treeHidden civsTurbo modeCheats
Victory
Defeat
🇧🇷 Burgundians · Brazil
788
+14
🇨🇱 Slavs · Chile
722
+17
🇩🇴 Huns · Dominican Republic
688
+18
🇺🇸 Armenians · United States
664
+19
🇦🇷 Huns · Argentina
820
-20
🇦🇷 Franks · Argentina
785
-19
🇦🇷 Goths · Argentina
689
-15
🇦🇷 Slavs · Argentina
675
-14
Robert
11:11 Feudal Age
9:52 Double-Bit Axe
12:23 Wheelbarrow
16:23 Castle Age
15:45 Stone Mining
21:49 Fervor
21:41 Horse Collar
23:00 Husbandry
23:33 Gold Mining
26:35 Scale Mail Armor
26:52 Forging
26:47 Scale Barding Armor
27:41 Heavy Plow
28:45 Cavalier
29:49 Chain Barding Armor
30:05 Iron Casting
30:37 Burgundian Vineyards
39:28 Imperial Age
39:46 Gold Shaft Mining
41:05 Plate Barding Armor
42:48 Blast Furnace
セバスティアン
9:44 Feudal Age
10:43 Loom
13:03 Double-Bit Axe
18:20 Castle Age
17:31 Horse Collar
18:25 Forging
19:19 Bow Saw
22:49 Scale Barding Armor
33:02 Imperial Age
30:50 Stone Mining
30:55 Gold Mining
31:48 Heavy Plow
32:06 Bloodlines
34:08 Wheelbarrow
34:19 Chain Barding Armor
34:35 Iron Casting
35:52 Hand Cart
36:32 Plate Barding Armor
37:22 Blast Furnace
36:46 Detinets
37:56 Light Cavalry
38:37 Husbandry
38:43 Capped Ram
39:31 Elite Boyar
40:49 Hoardings
40:24 Hussar
40:58 Town Watch
42:53 Scale Mail Armor
victordelarosac
2:58 Loom
13:42 Feudal Age
14:23 Double-Bit Axe
20:53 Castle Age
18:37 Horse Collar
18:43 Man-at-Arms
20:18 Forging
21:22 Pikeman
23:30 Long Swordsman
27:39 Fletching
28:05 Bow Saw
28:14 Murder Holes
29:20 Masonry
29:18 Heavy Plow
29:09 Two-Handed Swordsman
30:03 Crossbowman
31:11 Padded Archer Armor
40:50 Imperial Age
39:36 Gambesons
39:58 Elite Skirmisher
LordJavier
0:31 Loom
12:04 Feudal Age
12:31 Double-Bit Axe
15:12 Horse Collar
15:55 Town Watch
16:29 Gold Mining
22:17 Castle Age
20:22 Arson
19:57 Man-at-Arms
21:23 Forging
23:01 Squires
26:57 Murder Holes
27:55 Marauders
28:19 Husbandry
28:30 Bloodlines
32:17 Stone Mining
34:33 Gold Shaft Mining
39:16 Imperial Age
37:22 Wheelbarrow
37:28 Wheelbarrow
38:54 Scale Mail Armor
42:53 Hand Cart
Fulgencio
13:14 Feudal Age
13:12 Loom
21:13 Castle Age
22:36 Double-Bit Axe
27:06 Husbandry
28:43 Wheelbarrow
28:24 Scale Barding Armor
28:27 Gold Mining
31:02 Hand Cart
31:41 Town Watch
33:27 Town Patrol
36:59 Chain Barding Armor
40:29 Imperial Age
41:10 Cavalier
Joe mama
0:31 Loom
13:41 Feudal Age
18:04 Wheelbarrow
18:05 Man-at-Arms
22:07 Castle Age
22:20 Stone Mining
25:02 Squires
27:19 Double-Bit Axe
28:40 Detinets
30:22 Horse Collar
32:39 Gold Mining
35:05 Fortified Wall
34:56 Murder Holes
35:12 Fortified Wall
39:22 Gold Shaft Mining
40:22 Masonry
42:07 Hand Cart
Xi Jinping
12:42 Feudal Age
13:21 Double-Bit Axe
13:19 Horse Collar
14:16 Wheelbarrow
22:12 Castle Age
21:41 Forging
22:26 Scale Mail Armor
26:32 Hand Cart
26:10 Stone Mining
26:55 Gold Mining
27:42 Stone Shaft Mining
28:15 Pikeman
28:57 Squires
Marco Aurelio
11:06 Feudal Age
11:41 Double-Bit Axe
13:00 Horse Collar
14:16 Gold Mining
16:35 Stone Mining
18:00 Fletching
20:49 Castle Age
19:28 Padded Archer Armor
19:56 Forging
22:06 Bow Saw
22:31 Heavy Plow
26:16 Crossbowman
26:43 Elite Skirmisher
28:21 Gold Shaft Mining
27:50 Scale Mail Armor
27:36 Pikeman
28:16 Squires
29:55 Leather Archer Armor
29:35 Bodkin Arrow
30:50 Iron Casting
30:32 Chain Mail Armor
30:24 Scale Barding Armor
30:16 Stone Mining
31:58 Wheelbarrow
33:25 Hand Cart
34:49 Ballistics
Connection lost

Rejoining the realm…

Still unreachable

The connection could not be restored.

Session expired

The server has moved on; the page needs a fresh start.